 Dungeon Sprint DCSS version 0.31-a0-18-gea43df2a32 (webtiles) character file.

Game seed: 3082958697445647835

978 bmack86 the Cleaver (level 7, 0/73 HPs)
             Began as a Minotaur Fighter on May 10, 2023.
             Was an Initiate of Okawaru.
             Slain by a quasit (1 damage)
             ... summoned by a kobold demonologist
             ... in the Dungeon (Sprint I: "Red Sonja").
             The game lasted 00:02:06 (426 turns).

bmack86 the Cleaver (Minotaur Fighter)               Turns: 426, Time: 00:02:08

Health: 0/73       AC:  8    Str: 22    XL:     7   Next: 95%
Magic:  6/6        EV: 10    Int:  5    God:    Okawaru [......]
Gold:   420        SH:  6    Dex: 10    Spells: 6/6 levels left

rFire   . . .        a - +0 war axe
rCold   . . .        c - +0 buckler
rNeg    . . .        b - +0 scale mail
rPois   .            (helmet restricted)
rElec   .            (no cloak)
rCorr   .            (no gloves)
SInv    .            (no boots)
Will    .....        (no amulet) Stlth
                     (no ring)
HPRegen 0.32/turn    (no ring)
MPRegen 0.10/turn

%: no teleportation
@: no status effects
A: horns 2, retaliatory headbutt
a: Renounce Religion


You were in the Dungeon.
You worshipped Okawaru.
Okawaru was noncommittal.
You visited 1 branch You collected 420 gold pieces.

Inventory:

Hand Weapons
 a - a +0 war axe (weapon)
Armour
 b - a +0 scale mail (worn)
 c - a +0 buckler (worn)
Wands
 d - a wand of polymorph (9)
Scrolls
 f - a scroll of identify {unknown}
 j - a scroll of blinking
Potions
 e - a potion of curing
 h - 2 potions of magic
 i - a potion of berserk rage


   Skills:
 + Level 10.6 Fighting
 * Level 12.9 Axes
 + Level 10.3 Armour
 + Level 1.3 Dodging
 + Level 9.5 Shields


You had 6 spell levels left.
You didn't know any spells.
Your spell library was empty.

Dungeon Overview and Level Annotations

Branches:
Dungeon (1/1)

Altars:
Cheibriados
Dithmenos
Elyvilon
Fedhas
Gozag
Hepliaklqana
Kikubaaqudgha
Makhleb
Nemelex Xobeh
Okawaru
Qazlal
Ru
Sif Muna
Trog
Uskayaw
Vehumet
Wu Jian
Xom
Yredelemnul
Zin
The Shining One
Jiyva
Lugonu

Shops:
D :


Innate Abilities, Weirdness & Mutations

You have a pair of horns on your head.
You reflexively headbutt those who attack you in melee.


Message History

The kobold demonologist hits you with a +0 dagger.
You hit the kobold demonologist but do no damage.
The kobold demonologist is severely wounded.
You hit the hellwing. You barely miss the white imp.
You block the white imp's attack. You block the hellwing's attack.
The hellwing closely misses you.
The kobold demonologist looks encouraged for a moment.
You hit the kobold demonologist but do no damage.
The kobold demonologist is severely wounded.
You slash the white imp!
You kill the white imp!
The white imp disappears in a puff of smoke!
You barely miss the hellwing.
The hellwing hits you but does no damage.
The hellwing hits you.
* * * LOW HITPOINT WARNING * * *
You slash the kobold demonologist!
The kobold demonologist is almost dead.
You hit the hellwing.
The kobold demonologist gestures wildly while chanting.
The hellwing hits you!
* * * LOW HITPOINT WARNING * * *
The hellwing hits you.
* * * LOW HITPOINT WARNING * * *
You closely miss the kobold demonologist.
Your headbutt misses the kobold demonologist.
The kobold demonologist is almost dead.
You hit the hellwing but do no damage. You hit the quasit but do no damage.
The kobold demonologist hits you with a +0 dagger.
* * * LOW HITPOINT WARNING * * *
The quasit bites you but does no damage.
The quasit claws you but does no damage.
The quasit barely misses you.
You miss the kobold demonologist.
The kobold demonologist is almost dead.
You miss the quasit. You hit the hellwing but do no damage.
You block the hellwing's attack. x2
The kobold demonologist miscasts a cantrip.
The quasit bites you.
You die...

####################
').#..'..#__#..4@5.#
#..').#..'..'..#K5.#
##'#####'#__####.5§+
#..#...#.####?=#####
####..##.#§~~.c#
___##'#_.+§~§§
∩...'..._#§~~§c
.__##_.#+# +###
___###+#


You could see a hellwing (summoned), a kobold demonologist, a quasit (summoned),
a crimson imp (summoned) and a white imp (summoned).

Vanquished Creatures
  A kobold demonologist (D)
  A slime creature (D)
  Sigmund (D)
  A yak (D)
  A floating eye (D)
  An ogre (D)
  A jelly (D)
  Ijyb (D)
8 creatures vanquished.

Notes
Turn   | Place    | Note
-------+----------+-------------------------------------------
     0 | D        | bmack86 the Minotaur Fighter began the quest for the Orb.
     0 | D        | Reached XP level 1. HP: 19/19 MP: 0/0
     2 | D        | Noticed Ijyb
     5 | D        | Killed Ijyb
     6 | D        | Reached skill level 5 in Fighting
     6 | D        | Reached skill level 3 in Axes
     6 | D        | Reached skill level 5 in Armour
     6 | D        | Reached skill level 5 in Shields
     6 | D        | Reached XP level 2. HP: 29/29 MP: 1/1
    12 | D        | Noticed an ogre
    16 | D        | Killed an ogre
    17 | D        | Reached skill level 6 in Axes
    17 | D        | Reached XP level 3. HP: 4/38 MP: 2/2
    17 | D        | Reached XP level 4. HP: 5/45 MP: 3/3
    21 | D        | Noticed Sigmund
    36 | D        | Killed Sigmund
    37 | D        | Reached skill level 8 in Axes
    37 | D        | Reached XP level 5. HP: 15/56 MP: 4/4
    37 | D        | Reached XP level 6. HP: 17/62 MP: 5/5
   209 | D        | Found a burning altar of Makhleb.
   209 | D        | Found a viscous altar of Jiyva.
   209 | D        | Found a shimmering altar of Xom.
   209 | D        | Found a corrupted altar of Lugonu.
   209 | D        | Noticed a slime creature
   217 | D        | Killed a slime creature
   218 | D        | Reached skill level 10 in Axes
   329 | D        | Found an ornate altar of the Wu Jian Council.
   329 | D        | Found a shimmering blue altar of Sif Muna.
   331 | D        | Found a radiant altar of Vehumet.
   365 | D        | Found Jidubaeb's Book Emporium.
   365 | D        | Found an ancient bone altar of Kikubaaqudgha.
   365 | D        | Found a hazy altar of Hepliaklqana.
   365 | D        | Found a stormy altar of Qazlal.
   365 | D        | Found a hide-covered altar of Uskayaw.
   365 | D        | Found a blossoming altar of Fedhas.
   365 | D        | Found a bloodstained altar of Trog.
   365 | D        | Found an iron altar of Okawaru.
   365 | D        | Found a basalt altar of Yredelemnul.
   365 | D        | Found a glowing golden altar of the Shining One.
   365 | D        | Found a snail-covered altar of Cheibriados.
   365 | D        | Found a sacrificial altar of Ru.
   365 | D        | Found a glowing silver altar of Zin.
   365 | D        | Found a shadowy altar of Dithmenos.
   365 | D        | Found a white marble altar of Elyvilon.
   365 | D        | Noticed a yak
   370 | D        | Killed a yak
   371 | D        | Reached skill level 11 in Axes
   371 | D        | Reached XP level 7. HP: 42/71 MP: 6/6
   371 | D        | Found an opulent altar of Gozag.
   372 | D        | Found a sparkling altar of Nemelex Xobeh.
   378 | D        | Became a worshipper of Warmaster Okawaru
   390 | D        | Noticed a centaur warrior
   390 | D        | Noticed a centaur warrior
   410 | D        | Noticed a kobold demonologist
   410 | D        | Noticed a kobold demonologist
   413 | D        | Noticed a hellwing
   414 | D        | Reached skill level 10 in Fighting
   414 | D        | Reached skill level 1 in Dodging
   418 | D        | Killed a kobold demonologist
   419 | D        | Reached skill level 12 in Axes
   419 | D        | Reached skill level 10 in Armour
   425 | D        | HP: 1/73 [kobold demonologist/+0 dagger (4)]
   426 | D        | Slain by a quasit

Illustrated notes

Levels and vault maps discovered:
D:        dungeon_sprint_1 [red_sonja_temple_1, red_sonja_temple_small_1]

Skill      XL: |  1  2  3  4  5  6  7 |
---------------+----------------------+-----
Fighting       | 5 6 8 9 10 | 10.6
Axes           | 3 6 8 11 12 | 12.9
Armour         | 5 6 8 9 10 | 10.3
Shields        | 5 6 8 9 |  9.5
Dodging        | 1 |  1.3

Action                     |  1- 3 |  4- 6 |  7- 9 || total
---------------------------+-------+-------+-------++-------
  Melee: War axe           |     5 |    19 |    14 ||    38
         Headbutt          |     2 |     6 |     5 ||    13
    Use: Potion            |     2 |     1 |       ||     3
 Armour: Scale mail        |     1 |     6 |    11 ||    18
  Dodge: Dodged            |     1 |     4 |     7 ||    12
  Block: Buckler           |       |     1 |    10 ||    11

Table legend: (Time is in decaauts)
 A = Elapsed time spent in this place.
 B = Non-inter-level travel time spent in this place.
 C = Inter-level travel time spent in this place.
 D = Time resting spent in this place.
 E = Time spent auto-exploring this place.
 F = Levels seen in this place.
 G = Mean time per level.
                   A        B        C        D        E       F      G
               +--------+--------+--------+--------+--------+-----+--------+
         Total |    410 |    410 |      0 |    247 |      0 |   1 |  410.0 |
       Dungeon |    410 |    410 |      0 |    247 |      0 |   1 |  410.0 |
               +--------+--------+--------+--------+--------+-----+--------+

Top non-repeatable levels by time:
       D: 410 daAuts
